[Event "Betsys MČR v online bleskovém šachu 2021"]
[Site "Chess.com"]
[Date "2021.04.17"]
[Round "9"]
[White "VildaSt"]
[Black "TomasOrnet1"]
[Result "0-1"]
[WhiteElo "1293"]
[BlackElo "1496"]
[TimeControl "180+1"]
[EndTime "10:31:25 PDT"]
[Termination "Uživatel TomasOrnet1 zvítězil matem"]

1. e4 e5 2. Nf3 Nc6 3. d4 exd4 4. Nxd4 Qf6 5. Be3 Bc5 6. c3 Bxd4 7. Bxd4 Nxd4 8. cxd4 Ne7 9. Nc3 O-O 10. Bd3 b6 11. Qc2 Bb7 12. O-O Ng6 13. d5 c6 14.
dxc6 dxc6 15. b4 Rad8 16. a4 Nf4 17. Rad1 Qg5 18. g3 Ne6 19. b5 c5 20. Qd2 Nd4 21.
Qxg5 Nf3+ 22. Kg2 Nxg5 23. Be2 Nxe4 24. Nxe4 Bxe4+ 25. f3 Bc2 26. Rxd8 Rxd8 27. Ra1 Rd2 28. Kf2 Bd3 29. Re1 Rxe2+ 30. Rxe2 Bxe2 31. Kxe2 Kf8 32. Kd3 Ke7 33. Kc4 Kd6 34. h4 Ke5 35. Kd3 f5 36.
Ke3 g5 37. hxg5 Ke6 38. f4 Kf7 39. Kd3 Kg6 40. Ke3 h6 41. gxh6 Kxh6 42. Kf3 Kh5 43. Ke3 Kg4 44. Kf2 c4 45. Ke3 Kxg3 46. Kd4 Kxf4 47.
Kxc4 Ke5 48. Kd3 Kd5 49. Ke3 Kc5 50. Kf4 Kb4 51. Kxf5 Kxa4 52. Ke4 Kxb5 53. Kd3 Kc5 54. Kc3 b5 55. Kb3 a5 56. Kc3 a4 57. Kb2 b4 58. Ka2 Kc4 59. Kb2 a3+ 60. Ka2 Kc3 61. Kb1 Kb3 62. Ka1 Kc3 63. Ka2 b3+ 64. Kb1 Kb4 65.
Ka1 Kc4 66. Kb1 Kc3 67. Ka1 b2+ 68. Kb1 a2+ 69. Kxa2 Kc2 70. Ka3 b1=Q 71. Ka4 Kc3 72. Ka5 Kc4 73. Ka6 Kc5 74. Ka7 Kc6 75. Ka8 Kc7 76.
Ka7 Qa1# 0-1

[Event "Betsys MČR v online bleskovém šachu 2021"]
[Site "Chess.com"]
[Date "2021.04.17"]
[Round "9"]
[White "FormerProdigy"]
[Black "Lunaticx"]
[Result "0-1"]
[WhiteElo "2862"]
[BlackElo "2991"]
[TimeControl "180+1"]
[EndTime "10:31:28 PDT"]
[Termination "Uživatel Lunaticx zvítězil na čas"]

1. e4 e5 2. Nf3 Nc6 3. Bc4 Nf6 4. d3 Bc5 5. c3 d6 6. O-O a5 7.
Re1 O-O 8. Nbd2 h6 9. Nf1 Be6 10. Bb5 Ba7 11. Ng3 Ne7 12. d4 Ng6 13. h3 c6 14. Bd3 Qc7 15. Be3 Rfe8 16. Qd2 Kh7 17. c4 Bd7 18. Rac1 a4 19. c5 exd4 20. Bxd4 Bxc5 21.
Bxf6 gxf6 22. Nh5 Qd8 23. Qc3 Ne5 24. Nd4 Rg8 25. Kh2 Rg5 26. Be2 Ng6 27. f4 Rxh5 28.
Bxh5 Nxf4 29. Bg4 Bxg4 30. hxg4 Qe7 31. Nf5 Qe5 32. Qxe5 fxe5 33. Red1 Rg8 34. Rc2 Rxg4 35. g3 Ne6 36. Nxd6 Bxd6 37. Rxd6 Rxe4 38. Rd7 Kg6 39. Rxb7 c5 40. Rb6 Rd4 41. Rxc5 Kf5 42. Rc2 Ng5 43. Rf2+ Kg4 44. Rxh6 Nf3+ 45. Kg2 Ne1+ 46. Kh2 Nf3+ 47. Kg2 Ne1+ 48. Kf1 Rd1 49. Ke2 Rb1 50. Rxf7 Ng2 51. Rg6+ Kh5 52. Rg8 Rxb2+ 53. Kf3 Ne1+ 54. Ke4 Re2+ 55.
Kd5 Kh6 56. Rg4 Nd3 0-1

[Event "Betsys MČR v online bleskovém šachu 2021"]
[Site "Chess.com"]
[Date "2021.04.17"]
[Round "9"]
[White "JakubPulpan"]
[Black "penguinorodriguez"]
[Result "1-0"]
[WhiteElo "2716"]
[BlackElo "2542"]
[TimeControl "180+1"]
[EndTime "10:31:28 PDT"]
[Termination "Uživatel JakubPulpan zvítězil po vzdání soupeře"]

1. Nf3 d5 2. b3 c5 3. Bb2 Nf6 4.
e3 e6 5. Be2 Nc6 6. d4 Be7 7.
dxc5 Bxc5 8. O-O O-O 9. Nbd2 Re8 10. c4 e5 11. cxd5 Qxd5 12. Nc4 Qxd1 13. Rfxd1 e4 14. Nfe5 Nxe5 15. Bxe5 b5 16. Bxf6 bxc4 17. Bd4 Bxd4 18. Rxd4 cxb3 19. Bb5 b2 20. Rb1 Rf8 21. Rxb2 Rb8 22.
Rdb4 Be6 23. a3 Rfc8 24. h3 Rb6 25. Be2 Rcb8 26. Rxb6 Rxb6 27. Rd2 f5 28. Rd8+ Kf7 29.
Ra8 Rb7 30. g4 g6 31. g5 Bd5 32. Rh8 Ke6 33. h4 Re7 34. h5 gxh5 35. Bxh5 Rg7 36. Kh2 Rxg5 37. Rxh7 Ke5 38. Be2 f4 39. exf4+ Kxf4 40. Rxa7 Rg8 41. Rh7 e3 42. Rh4+ Ke5 43. Rh5+ Kd4 44.
fxe3+ Ke4 45. Bf1 Bb7 46. Bg2+ Kxe3 47. Bxb7 Kf2 48. Rf5+ Ke3 49. Bg2 Ke2 50. Rf3 Rh8+ 51. Rh3 Rxh3+ 52. Kxh3 Kd3 53. a4 Kc4 54. Bc6 Kc5 55. Bb5 Kb4 56. Kg3 Ka5 57. Kf3 1-0

[Event "Betsys MČR v online bleskovém šachu 2021"]
[Site "Chess.com"]
[Date "2021.04.17"]
[Round "9"]
[White "Innerz98"]
[Black "PetrVelicka"]
[Result "0-1"]
[WhiteElo "2116"]
[BlackElo "2362"]
[TimeControl "180+1"]
[EndTime "10:31:28 PDT"]
[Termination "Uživatel PetrVelicka zvítězil po vzdání soupeře"]

1. d4 d5 2. Bf4 Nf6 3. e3 c5 4. c3 Nc6 5. Bd3 cxd4 6. exd4 Bg4 7. Nf3 e6 8. Nbd2 Bxf3 9. Nxf3 Bd6 10. Ne5 O-O 11.
O-O Qc7 12. Re1 Rfe8 13. Qf3 Bxe5 14. dxe5 Nd7 15. Qh5 Nf8 16. Re3 Ng6 17. Bg3 Nce7 18. Rae1 Qd7 19. Bh4 Nf5 20. Bxf5 exf5 21. f4 Nxf4 22.
Qf3 Ng6 23. Bf2 Qc6 24. Rd1 Rad8 25. Qxf5 a6 26. Kh1 Qe6 27. Qxe6 fxe6 28. Bg3 Rc8 29. Red3 Ne7 30. Bf2 h5 31. Rh3 g6 32. Rg3 Kh7 33.
Rh3 Kg7 34. Kg1 Nf5 35. Bh4 Rc4 36. Bf6+ Kf7 37. b3 Rc7 38. g4 Ng7 39. Bxg7 Kxg7 40. gxh5 gxh5 41. Rxh5 Rxc3 42. Rg5+ Kh6 43. Rg2 Rec8 44.
Rf2 Rg8+ 45. Kh1 Re3 46. Rf6+ Rg6 47. Rf7 b5 48. Ra7 Rxe5 49. Rxa6 Re2 50. Rg1 d4 51. Rd6 Re4 52. a4 Rxg1+ 53. Kxg1 bxa4 54. bxa4 Kg5 55. a5 e5 56. a6 Re1+ 57. Kf2 Ra1 58. h4+ Kf4 59. h5 Ra2+ 60. Kg1 Kg3 61. Kf1 Kf3 62. Ke1 Ke3 63. Kd1 d3 64. Kc1 d2+ 65. Kd1 Ra1+ 66. Kc2 Rc1+ 67. Kb2 d1=Q 0-1

[Event "Betsys MČR v online bleskovém šachu 2021"]
[Site "Chess.com"]
[Date "2021.04.17"]
[Round "9"]
[White "mravecuk"]
[Black "Johanna94"]
[Result "1-0"]
[WhiteElo "2231"]
[BlackElo "2067"]
[TimeControl "180+1"]
[EndTime "10:31:29 PDT"]
[Termination "Uživatel mravecuk zvítězil po vzdání soupeře"]

1. d4 d5 2. Nc3 Nf6 3. Bf4 c5 4. e3 Nc6 5. Nb5 Qa5+ 6. c3 e5 7. Bxe5 Nxe5 8. dxe5 Ng4 9. Qxd5 Be6 10. Qe4 Rd8 11.
Nf3 a6 12. Na3 Be7 13. Bc4 Nh6 14. Bxe6 fxe6 15. Nc4 Qc7 16. O-O O-O 17. Rfd1 b5 18. Ncd2 Nf5 19. Nf1 c4 20. Ng3 Nxg3 21. hxg3 Bc5 22.
Nd4 Qf7 23. Rd2 Rd5 24. f4 g5 25. Rf1 g4 26. a3 Rfd8 27. f5 exf5 28. Rxf5 Qe7 29.
Qxg4+ Kh8 30. Rdf2 Rxe5 31. Rf7 Qg5 32. Qxg5 Rxg5 33.
R7f5 Bxd4 34. exd4 Rg6 35. Kh2 Kg7 36. Rf7+ Kh6 37. R7f6 Kg7 38. Rxg6+ hxg6 39. g4 Rh8+ 40. Kg3 Rh1 41. Rd2 Rb1 42. d5 Kf7 43. d6 Ke8 44. d7+ Kd8 45. Kf4 Re1 46. Kg5 Re4 47. g3 a5 48. Kh4 Re5 49. g5 Re4+ 50. Kh3 b4 51.
axb4 axb4 52. cxb4 Re1 53. Kg4 Re4+ 54. Kf3 Re5 55.
Kf4 Re1 56. Rd4 Rb1 57. Rxc4 Rxb2 58. Rd4 Rb3 59. Ke5 Rf3 60. Ke6 Rxg3 61. Kf6 Rf3+ 62. Kxg6 1-0

[Event "Betsys MČR v online bleskovém šachu 2021"]
[Site "Chess.com"]
[Date "2021.04.17"]
[Round "9"]
[White "tryskomys"]
[Black "Lisak007"]
[Result "0-1"]
[WhiteElo "1547"]
[BlackElo "1836"]
[TimeControl "180+1"]
[EndTime "10:31:31 PDT"]
[Termination "Uživatel Lisak007 zvítězil po vzdání soupeře"]

1. e4 c5 2. Nf3 Nc6 3. d4 cxd4 4. Nxd4 Nf6 5. Nc3 e6 6. Nxc6 bxc6 7. Bd3 d5 8. Qe2 Be7 9. O-O O-O 10. b3 Qa5 11. Bb2 d4 12. Nd1 e5 13. f4 exf4 14. Rxf4 c5 15.
h3 Qc7 16. Rf1 Bb7 17. Bc1 Bd6 18. Nb2 Rae8 19. Rxf6 gxf6 20. Bh6 Kh8 21. Bxf8 Bxf8 22. Nc4 f5 23. e5 Bd5 24. Re1 Bg7 25. Bxf5 Qe7 26.
e6 Qg5 27. Bg4 fxe6 28. Nd6 Re7 29. Ne4 Qg6 30. Ng3 e5 31. Ne4 Bh6 32. Bf3 Be3+ 33. Kh1 Bxe4 34. Bxe4 Qxe4 35. Qh5 Qg6 36. Qf3 Rg7 37. Rf1 h5 38. Qf8+ Kh7 39. Qf3 Bf4 40.
Qf2 Qg3 41. Qxg3 Rxg3 42. Rf3 Kg6 43. Rd3 Kf5 44. Rxg3 Bxg3 45. Kg1 e4 46. Kf1 e3 47. Ke2 Ke4 48. a4 a5 49. Kd1 h4 50. Ke2 Kf4 51. Kd3 Bf2 52. Ke2 Kg3 53. Kf1 Kh2 54. Ke2 Kxg2 55. Kd3 Kxh3 56. Kc4 Kg3 57. Kxc5 h3 0-1

[Event "Betsys MČR v online bleskovém šachu 2021"]
[Site "Chess.com"]
[Date "2021.04.17"]
[Round "9"]
[White "Milan_Jancek"]
[Black "viklan"]
[Result "1-0"]
[WhiteElo "1819"]
[BlackElo "1584"]
[TimeControl "180+1"]
[EndTime "10:31:31 PDT"]
[Termination "Uživatel Milan_Jancek zvítězil na čas"]

1. c4 Nf6 2. Nc3 e6 3. d3 d5 4. g3 c6 5. cxd5 exd5 6. Bg2 Bd6 7. Nf3 O-O 8. O-O Re8 9. Bg5 Nbd7 10. Qd2 h6 11.
Bxf6 Nxf6 12. Rad1 Bb4 13. a3 Ba5 14. b4 Bc7 15. d4 Bf5 16. e3 Ne4 17. Qb2 Nd6 18. Nd2 b5 19. Rc1 Nc4 20. Nxc4 bxc4 21. Rfe1 Bg6 22. e4 f5 23. e5 f4 24. gxf4 Qh4 25.
Ne2 Bd3 26. Qd2 Rf8 27. Rc3 a5 28. Nc1 axb4 29. axb4 Bg6 30. Rg3 Kh7 31. Ne2 Bh5 32. Bf3 Bg6 33. Kh1 Bd3 34. Reg1 Rf7 35. Nc1 g5 36.
Nxd3 cxd3 37. Qxd3+ Kh8 38. fxg5 Raf8 39. g6 Rg7 40.
Qe3 Bd8 41. e6 Bg5 42. e7 Re8 43. Qe5 Rxe7 44. Qb8+ Rg8 45. Qd6 Qf4 46. Qxf4 Bxf4 47. Rg4 Bg5 48. Rc1 Re6 49. Rc5 Rgxg6 50. Kg2 Rgf6 51. h4 Bf4 52. Ra5 Rd6 53. Ra8+ 1-0

[Event "Betsys MČR v online bleskovém šachu 2021"]
[Site "Chess.com"]
[Date "2021.04.17"]
[Round "9"]
[White "KajaOl"]
[Black "jonasstach"]
[Result "1-0"]
[WhiteElo "2272"]
[BlackElo "2007"]
[TimeControl "180+1"]
[EndTime "10:31:32 PDT"]
[Termination "Uživatel KajaOl zvítězil matem"]

1. e4 e6 2. d4 d5 3. Nd2 c5 4.
exd5 exd5 5. Ngf3 Nf6 6. Bb5+ Nc6 7. O-O Be7 8. dxc5 O-O 9. Nb3 a6 10. Bd3 Bg4 11. h3 Bh5 12. Be3 Rc8 13. c3 Ne5 14. Be2 Ned7 15. Bd4 Nxc5 16. Nxc5 Bxc5 17. Bxc5 Rxc5 18.
Qd4 Rc7 19. Rae1 Re8 20. Qb6 Qc8 21. Nd4 Rce7 22. f3 Bg6 23. Kf2 Nd7 24. Qd6 Nf6 25. Bd1 Rxe1 26. Rxe1 Rxe1 27. Kxe1 Qe8+ 28. Kf2 Bd3 29. a4 h6 30. a5 Bc4 31. Qc7 Nh5 32. Be2 Bxe2 33. Nxe2 Qb5 34. Qd8+ Kh7 35. b4 Nf6 36. Qd6 Qd3 37. Qe5 Kg8 38. Qd4 Qc2 39. Qb6 Kh7 40. Qxb7 Nh5 41. Qxd5 Qb2 42. Qxh5 g6 43.
Qe5 Qb1 44. Qe4 h5 45. Qxb1 Kh6 46. Qc1+ Kg7 47. Qg5 h4 48. Nf4 f6 49. Qd5 Kf8 50. Nxg6+ Kg7 51. c4 Kh6 52. c5 f5 53. c6 f4 54. c7 Kg7 55. c8=Q Kh6 56. Qh8+ Kxg6 57. Qhh5+ Kg7 58. Qdf7# 1-0

[Event "Betsys MČR v online bleskovém šachu 2021"]
[Site "Chess.com"]
[Date "2021.04.17"]
[Round "9"]
[White "Petr_Zacek"]
[Black "Lukuluss88"]
[Result "0-1"]
[WhiteElo "1752"]
[BlackElo "1958"]
[TimeControl "180+1"]
[EndTime "10:31:34 PDT"]
[Termination "Uživatel Lukuluss88 zvítězil matem"]

1. d4 d5 2. Nf3 Nf6 3. c4 c6 4. Nc3 e6 5. cxd5 exd5 6. Bg5 Be7 7. e3 O-O 8. Bd3 h6 9. Bh4 Bg4 10. O-O Ne4 11. Bxe7 Qxe7 12. Be2 Nd7 13. Qc2 Nxc3 14.
Qxc3 Bxf3 15. Bxf3 f5 16. b4 a6 17. a4 Rac8 18. Qb3 Nf6 19. b5 axb5 20. axb5 g5 21.
g3 Kh8 22. bxc6 bxc6 23. Rfc1 f4 24. exf4 gxf4 25. Re1 Qd6 26. Ra7 fxg3 27. fxg3 Rc7 28.
Rea1 Rxa7 29. Rxa7 Qe6 30. Qd3 Qe1+ 31. Kg2 Ne4 32.
Ra2 Ng5 33. Rf2 Nxf3 34. Rxf3 Rxf3 35. Kxf3 Qh1+ 36. Kg4 Qxh2 37. Qg6 h5+ 38. Kf5 Qc2+ 39. Kf6 Qxg6+ 40. Kxg6 Kg8 41. Kf5 Kf7 42. Ke5 Ke7 43.
Kf5 Kd6 44. Kg5 c5 45. dxc5+ Kxc5 46. Kxh5 d4 47. g4 d3 48. g5 d2 49. Kh6 d1=Q 50. g6 Qh1+ 51. Kg7 Kd6 52. Kf7 Qf3+ 53. Kg8 Ke7 54. g7 Qf7+ 55. Kh8 Qh5+ 56. Kg8 Kf6 57. Kf8 Qf7# 0-1

[Event "Betsys MČR v online bleskovém šachu 2021"]
[Site "Chess.com"]
[Date "2021.04.17"]
[Round "9"]
[White "MametevArtem097"]
[Black "Soural_J"]
[Result "0-1"]
[WhiteElo "1992"]
[BlackElo "2195"]
[TimeControl "180+1"]
[EndTime "10:31:35 PDT"]
[Termination "Uživatel Soural_J zvítězil matem"]

1. e4 c5 2. Nf3 Nc6 3. d4 cxd4 4. Nxd4 g6 5. Nc3 Bg7 6. Be3 Nf6 7. Bc4 O-O 8. Bb3 d6 9. O-O Bd7 10. Re1 Rc8 11. Qd2 Ng4 12. Nxc6 bxc6 13. Bd4 e5 14.
Bxa7 Be6 15. Bxe6 fxe6 16. Be3 Qh4 17. h3 Nxe3 18. Qxe3 d5 19. Qg3 Qxg3 20. fxg3 Rfe8 21. a4 Bf8 22. a5 Bc5+ 23. Kh1 Rb8 24. Na4 Bf2 25.
Rf1 Bxg3 26. a6 Ra8 27. Nc5 Ra7 28. Rf3 Bh4 29. Rb3 Bf2 30. Nb7 Rea8 31. Rba3 dxe4 32. Nd6 Bc5 33. Rc3 Bxd6 34. Rxc6 Be7 35. Rxe6 Kf7 36. Rxe5 Rxa6 37. Rxa6 Rxa6 38. Rxe4 Bd6 39. Kg1 Bg3 40.
Kf1 Rf6+ 41. Ke2 Rf2+ 42. Ke3 Rxc2 43. b4 Rxg2 44. Kf3 Rg1 45. b5 Bd6 46. b6 Rb1 47. Rh4 h5 48. Ke4 Rb4+ 49. Kd5 Rxh4 50. Kxd6 Rb4 51.
Kc7 g5 52. Kb7 g4 53. hxg4 hxg4 54. Kc6 g3 55. b7 g2 56. b8=Q Rxb8 57. Kd5 Re8 58.
Kd4 g1=Q+ 59. Kd5 Qd1+ 60. Kc6 Rc8+ 61. Kb7 Rc2 62. Kb6 Qb1+ 63. Ka5 Ra2# 0-1

[Event "Betsys MČR v online bleskovém šachu 2021"]
[Site "Chess.com"]
[Date "2021.04.17"]
[Round "9"]
[White "KdybyNecoTakNic"]
[Black "Lipican"]
[Result "1-0"]
[WhiteElo "2323"]
[BlackElo "2111"]
[TimeControl "180+1"]
[EndTime "10:31:39 PDT"]
[Termination "Uživatel KdybyNecoTakNic zvítězil po vzdání soupeře"]

1. Nf3 d5 2. g3 c6 3. Bg2 Bg4 4. O-O Nd7 5. d3 e6 6. Nbd2 Ngf6 7. Qe1 Bc5 8. e4 O-O 9. b3 a5 10. a4 Qe7 11. Bb2 Rfd8 12. h3 Bh5 13. g4 Bg6 14. Nh4 Bb4 15. Nxg6 hxg6 16. Qe2 Bxd2 17. Qxd2 dxe4 18.
dxe4 Nc5 19. Qe2 e5 20. Ba3 b6 21. Rad1 Nh7 22. Qe3 Nf8 23. Qc3 f6 24. Rfe1 Nfe6 25. Qc4 Kf8 26. c3 g5 27. Bf1 Rxd1 28. Rxd1 Rd8 29. Rxd8+ Nxd8 30. b4 axb4 31. Bxb4 Ndb7 32. Qa2 Qf7 33. Qd2 Ke8 34. Qb2 Qd7 35. Bxc5 bxc5 36. Qb6 Ke7 37. a5 Nd6 38. Qxc5 Ke8 39. a6 Nc8 40.
Bc4 Na7 41. Qb6 Ke7 42. Qb8 Qd1+ 43. Kg2 Qd7 44. Qg8 Kd6 45. Qf8+ Kc7 46. Qc5 Kd8 47.
Qa3 Kc7 48. Qa5+ Kc8 49. Qb6 Qc7 50. Qc5 Kd8 51. Qf8+ Kd7 52. Qxg7+ Kd6 53. Qxf6+ Kc5 54. Be2 Kb6 55. Qxg5 Qd7 56. Qe3+ Kc7 57. Qc5 Qg7 58.
Qxa7+ 1-0

[Event "Betsys MČR v online bleskovém šachu 2021"]
[Site "Chess.com"]
[Date "2021.04.17"]
[Round "9"]
[White "reflexia64"]
[Black "Gicko13"]
[Result "1/2-1/2"]
[WhiteElo "2269"]
[BlackElo "2111"]
[TimeControl "180+1"]
[EndTime "10:31:41 PDT"]
[Termination "Remíza – nedostatek materiálu"]

1. b3 e5 2. e3 d5 3. Bb2 Nc6 4. Bb5 Bd6 5. f4 Qh4+ 6. g3 Qe7 7. Nf3 Bg4 8. h3 Bxf3 9. Qxf3 Nf6 10. O-O a6 11.
Bxc6+ bxc6 12. fxe5 Bxe5 13. Bxe5 Qxe5 14. Nc3 O-O 15.
Qf4 Qe7 16. Rf2 Rae8 17. Raf1 Qd6 18. Qxd6 cxd6 19. g4 Ne4 20. Nxe4 Rxe4 21. Rf4 Rfe8 22. Kg2 f6 23. Kg3 Kf7 24. c3 Kg6 25. R1f2 h5 26. Rf5 hxg4 27. hxg4 Rh8 28. R5f4 Rh1 29. Kf3 Rxf4+ 30.
exf4 Ra1 31. d3 Kf7 32. c4 dxc4 33. bxc4 Rc1 34. Rb2 Rc3 35. Ke4 d5+ 36. Kd4 Ra3 37. Rb7+ Kg6 38. f5+ Kh6 39. Rc7 dxc4 40. dxc4 Rxa2 41.
Rxc6 Rg2 42. Rxa6 Rxg4+ 43. Kd3 Rf4 44. c5 Rxf5 45. Kd4 Rf1 46. Ra3 Rd1+ 47. Rd3 Rc1 48. Rc3 Rd1+ 49. Ke4 g5 50. c6 Rd8 51. Kf5 Kg7 52. c7 Rc8 53. Ke6 g4 54. Kf5 g3 55.
Rxg3+ Kf7 56. Rh3 Ke7 57. Rh7+ Kd6 58. Kxf6 Rxc7 59. Rxc7 Kxc7 1/2-1/2

[Event "Betsys MČR v online bleskovém šachu 2021"]
[Site "Chess.com"]
[Date "2021.04.17"]
[Round "9"]
[White "kubaches123"]
[Black "Petroniuss"]
[Result "1-0"]
[WhiteElo "2107"]
[BlackElo "2240"]
[TimeControl "180+1"]
[EndTime "10:31:42 PDT"]
[Termination "Uživatel kubaches123 zvítězil na čas"]

1. d4 d5 2. c4 dxc4 3. e3 e5 4. Bxc4 exd4 5. exd4 Bd6 6. Nf3 Nf6 7. O-O O-O 8. Nc3 Bg4 9. Bg5 Nc6 10. Be3 Ne7 11. h3 Bh5 12. g4 Bg6 13. Ne5 c6 14. Qf3 Qa5 15. Bf4 Ned5 16. Bg3 Nxc3 17. bxc3 Be4 18. Qe3 Bd5 19. Bd3 Rae8 20. c4 Be6 21. Rad1 Nd7 22.
f4 f6 23. Nxd7 Bxd7 24. Qf2 Qc3 25. c5 Bc7 26. Bb1 Be6 27. f5 Bxg3 28. Qf3 Qxf3 29. Rxf3 Bc7 30. fxe6 Rxe6 31. a3 Kh8 32. d5 cxd5 33.
Rxd5 Rd8 34. Rxd8+ Bxd8 35. Rd3 Be7 36. Rd7 g6 37.
Ba2 Re2 38. Bc4 Re4 39. Bd5 Re5 40. Bxb7 Bxc5+ 41. Kg2 Re7 42. Rxe7 Bxe7 43. Bc6 Bxa3 44. Kf3 Kg7 45. Ba4 Bc5 46. Bb3 f5 47. Ba4 fxg4+ 48.
hxg4 g5 49. Ke4 Kf6 50. Bb3 Kg6 51. Ba4 h5 52. Be8+ Kf6 53. gxh5 a5 54. Ba4 Bd6 55.
Kf3 Kg7 56. Bc2 Kh6 57. Kg4 Be5 58. Ba4 Bf4 59. Bc6 Kg7 60. Ba4 Bd2 61. Kf5 1-0

[Event "Betsys MČR v online bleskovém šachu 2021"]
[Site "Chess.com"]
[Date "2021.04.17"]
[Round "9"]
[White "RousekJan"]
[Black "Krtecci"]
[Result "0-1"]
[WhiteElo "1813"]
[BlackElo "2077"]
[TimeControl "180+1"]
[EndTime "10:31:42 PDT"]
[Termination "Uživatel Krtecci zvítězil matem"]

1. d4 Nf6 2. c4 e6 3. Nc3 Bb4 4. g3 O-O 5. Bg2 c5 6. Nf3 Nc6 7. O-O Bxc3 8. bxc3 b6 9. Ne5 Bb7 10. Qa4 Qc7 11. Bf4 Qc8 12. d5 Na5 13. dxe6 fxe6 14.
Rfd1 Bxg2 15. Kxg2 Qb7+ 16. Kg1 Rad8 17. Rd2 d6 18. Nf3 Ne4 19. Rd3 e5 20. Bg5 Rd7 21. Nxe5 Nxg5 22. h4 Nh3+ 23. Kh2 Nxf2 24. Nxd7 Ng4+ 25.
Kh3 Nf2+ 26. Kh2 Rf7 27. Rf3 Ng4+ 28. Kh3 Rxf3 29. exf3 Qxf3 30. Nf6+ Nxf6 31. Qd1 Qxd1 32. Rxd1 Nxc4 33. Re1 Kf7 34. Rf1 d5 35. Rf2 Ke6 36.
g4 Ne4 37. Re2 Ke5 38. Kg2 Kf4 39. g5 Ne3+ 40. Kh2 Nxc3 41. Rc2 d4 42. Rf2+ Ke4 43. Rf7 Ng4+ 44. Kg3 Ne2+ 45. Kxg4 d3 46. Re7+ Kd4 47.
Rd7+ Kc3 48. Rxg7 d2 49. Rd7 Nd4 50. Rxd4 cxd4 51. h5 d1=Q+ 52. Kf4 Qd3 53. Kg4 Qe4+ 54. Kh3 Kd3 55. g6 hxg6 56. hxg6 Qxg6 57. Kh4 Ke3 58. a4 Kf3 59. a5 Qg4# 0-1

[Event "Betsys MČR v online bleskovém šachu 2021"]
[Site "Chess.com"]
[Date "2021.04.17"]
[Round "9"]
[White "Jacques_se_mas"]
[Black "Pokemonchess"]
[Result "0-1"]
[WhiteElo "1743"]
[BlackElo "1946"]
[TimeControl "180+1"]
[EndTime "10:31:46 PDT"]
[Termination "Uživatel Pokemonchess zvítězil matem"]

1. d4 Nf6 2. Bg5 Ne4 3. h4 Nxg5 4. hxg5 g6 5. Nd2 Bg7 6. c3 d6 7. e3 Be6 8. Bd3 Nd7 9. Ngf3 Nb6 10. Qc2 Qd7 11.
Nb3 Bc4 12. O-O-O Bxd3 13. Qxd3 a5 14. Nbd2 a4 15. a3 Qe6 16. e4 Qd7 17. Rh3 Ra5 18. Rdh1 h5 19. gxh6 Bf8 20. Kc2 d5 21. Ne5 Qe6 22.
exd5 Nxd5 23. g3 Nf6 24. f4 Nd7 25. Ndc4 Nxe5 26. fxe5 Ra6 27. Qe4 c6 28. Qd3 Ra8 29. Rh4 Rd8 30. Nd2 b5 31. g4 Qd5 32. g5 e6 33. h7 Be7 34. Rg4 Qxh1 35. Qe2 Qxh7 36. Qf2 Qg7 37. Ne4 Rd7 38. Nf6+ Bxf6 39. gxf6 Qf8 40. Qf3 Rc7 41. Rg3 Kd7 42. Kd3 Qa8 43. Rh3 Rxh3 44. Qxh3 Rc8 45. Qh7 Rf8 46.
Qg7 Qe8 47. Qh7 Kc8 48. Qg7 Rg8 49. Qh6 Rh8 50. Qf4 Rh7 51. Qf3 Kc7 52. Qe4 Qh8 53. c4 Rh3+ 54. Kc2 Rh2+ 55. Kc3 Qh3+ 56. Kb4 Qb3+ 57.
Ka5 bxc4 58. Qf4 Qb6+ 59. Kxa4 Qb5# 0-1

[Event "Betsys MČR v online bleskovém šachu 2021"]
[Site "Chess.com"]
[Date "2021.04.17"]
[Round "9"]
[White "masodj"]
[Black "Staci_fiknout_Navara_Plat"]
[Result "0-1"]
[WhiteElo "1721"]
[BlackElo "1951"]
[TimeControl "180+1"]
[EndTime "10:31:50 PDT"]
[Termination "Uživatel Staci_fiknout_Navara_Plat zvítězil na čas"]

1. e4 d5 2. exd5 Nf6 3. Nc3 Nxd5 4. Bc4 c6 5. d3 g6 6. Nf3 Bg4 7. h3 Bxf3 8. Qxf3 e6 9. O-O Bg7 10. Bd2 O-O 11. Rae1 Nd7 12. Bb3 Nc5 13. Nxd5 Nxb3 14. axb3 cxd5 15. Bc3 Rc8 16. Bxg7 Kxg7 17. c4 dxc4 18. dxc4 Rc7 19. Rd1 Qf6 20. Qc3 Rfc8 21. Rd3 Qxc3 22. bxc3 b5 23. cxb5 Rxc3 24. Rfd1 R8c5 25.
Rxc3 Rxc3 26. Rd7 Rxb3 27. Rxa7 Rxb5 28. Rc7 Rb2 29. g3 h5 30. h4 Rb5 31. Kg2 Rd5 32.
Ra7 Kf6 33. Rb7 Rd8 34. Ra7 Re8 35. Kf3 Re7 36. Ra5 Kg7 37. Kf4 Rb7 38. Rc5 Kh6 39. Ra5 Rb2 40. Kf3 Rb3+ 41. Kg2 Rb7 42. Rb5 Re7 43.
Ra5 e5 44. Rc5 g5 45. hxg5+ Kxg5 46. f4+ Kf6 47. fxe5+ Rxe5 48. Rc6+ Kg5 49. Kh3 Re3 50. Rc5+ f5 51. Rc8 Re6 52. Kg2 Rg6 53. Kf3 Rg7 54. Rc5 Ra7 55. Rb5 Ra3+ 56. Kg2 Ra4 57. Kf3 h4 58.
gxh4+ Rxh4 59. Kg3 Ra4 60. Kf3 Ra3+ 61. Kf2 Kg4 62.
Rb8 Ra2+ 63. Kg1 Kg3 64. Rg8+ Kf3 65. Rf8 Ra1+ 66. Kh2 f4 67. Rb8 Kf2 68. Rb2+ Kf1 0-1

[Event "Betsys MČR v online bleskovém šachu 2021"]
[Site "Chess.com"]
[Date "2021.04.17"]
[Round "9"]
[White "Loveforever_Pepi"]
[Black "Akdub"]
[Result "1-0"]
[WhiteElo "2283"]
[BlackElo "2098"]
[TimeControl "180+1"]
[EndTime "10:31:51 PDT"]
[Termination "Uživatel Loveforever_Pepi zvítězil po vzdání soupeře"]

1. e4 e6 2. d4 d5 3. exd5 exd5 4.
c4 c6 5. Nc3 Nf6 6. Nf3 Be6 7.
cxd5 Nxd5 8. Bd3 Nd7 9. O-O N7f6 10. Ne5 Bd6 11. Bg5 h6 12. Bh4 Qc7 13. Bg3 O-O 14. Re1 Rfe8 15. Rc1 a6 16. Bb1 Rad8 17. Qd3 Nb4 18.
Qf3 Qb6 19. Ne4 Be7 20. Nc5 Rxd4 21. Nxe6 fxe6 22. Ng6 Bd6 23. Bxd6 Rxd6 24. Ne5 Nbd5 25. Nc4 Qd8 26. Nxd6 Qxd6 27. g3 e5 28. Kg2 e4 29.
Bxe4 Nxe4 30. Rxe4 Rf8 31. Qe2 Nf6 32. Re6 Qd5+ 33.
Kg1 Qg5 34. Re1 Nd5 35. Re8 Rxe8 36. Qxe8+ Kh7 37. Qe4+ Kg8 38. h4 Qf6 39. Qe2 Qg6 40. a3 Kh7 41. Qe4 Qxe4 42. Rxe4 Kg6 43. Rd4 Kf6 44. Kg2 Ke5 45. Rd1 Ke4 46. Re1+ Kd3 47. Re8 Kc2 48. Rg8 Kxb2 49. Rxg7 b5 50. g4 c5 51. g5 Nf4+ 52. Kg3 hxg5 53. Rxg5 Kxa3 54. Rxc5 b4 55. Kxf4 b3 56. Rc6 a5 57. Rb6 a4 58.
h5 b2 59. h6 Ka2 60. h7 b1=Q 61. Rxb1 Kxb1 62. h8=Q a3 63. Qc3 a2 64. Qb3+ Ka1 65.
Qxa2+ Kxa2 66. Ke5 Kb3 67. f4 Kc4 68. f5 Kd3 69. f6 Ke3 70. f7 Kd3 71. f8=Q 1-0

[Event "Betsys MČR v online bleskovém šachu 2021"]
[Site "Chess.com"]
[Date "2021.04.17"]
[Round "9"]
[White "Vitana"]
[Black "Kokos3"]
[Result "0-1"]
[WhiteElo "1769"]
[BlackElo "1581"]
[TimeControl "180+1"]
[EndTime "10:31:54 PDT"]
[Termination "Uživatel Kokos3 zvítězil matem"]

1. e4 e5 2. Nc3 Nf6 3. Bc4 d6 4. d3 Nc6 5. f4 exf4 6. Bxf4 Ne5 7. Bb3 Bg4 8. Nge2 Qd7 9. h3 Bh5 10. Qd2 Nc6 11. O-O-O O-O-O 12. g4 Bg6 13. Bg5 Be7 14. Rhf1 Rdf8 15. Nf4 Nd4 16. Qf2 Nxb3+ 17. axb3 Kb8 18. Bxf6 Bxf6 19. Nfd5 Bxc3 20. bxc3 f6 21. Kb2 Bf7 22.
Nb4 Re8 23. Ra1 c5 24. Na2 b6 25. Nc1 d5 26. exd5 Bxd5 27. Ne2 Re7 28. Nf4 Bb7 29.
Rae1 Rhe8 30. Rxe7 Rxe7 31. Re1 Qe8 32. Rxe7 Qxe7 33. d4 g5 34. Nd3 cxd4 35. Qxd4 Qe6 36. Nb4 f5 37. Qd8+ Qc8 38. Qxg5 fxg4 39. Qxg4 Qxg4 40.
hxg4 Bc8 41. g5 Kc7 42. Nd5+ Kd6 43. Nf6 Bf5 44. c4 Ke5 45. Ne8 Kf4 46. Nc7 Kxg5 47.
Kc3 h5 48. Kd2 h4 49. Nd5 h3 50. Ke2 h2 51. Ne7 h1=Q 52. Nxf5 Kxf5 53. Kd3 Qe4+ 54. Kd2 Ke5 55. Kc3 Qd4+ 56. Kb4 a5+ 57. Kb5 Qc5+ 58. Ka6 a4 59. bxa4 Qxc4+ 60. Kxb6 Qxa4 61.
Kc5 Qxc2+ 62. Kb4 Kd4 63. Kb5 Qc5+ 64. Ka6 Qb4 65. Ka7 Kc5 66. Ka8 Kc6 67. Ka7 Qb7# 0-1

[Event "Betsys MČR v online bleskovém šachu 2021"]
[Site "Chess.com"]
[Date "2021.04.17"]
[Round "9"]
[White "DavidekIII"]
[Black "koky_3"]
[Result "1-0"]
[WhiteElo "2205"]
[BlackElo "2043"]
[TimeControl "180+1"]
[EndTime "10:31:59 PDT"]
[Termination "Uživatel DavidekIII zvítězil na čas"]

1. d4 d5 2. c4 Nc6 3. Nf3 Bg4 4.
Bg5 f6 5. Bh4 Qd7 6. Nc3 e6 7.
e3 O-O-O 8. Be2 g5 9. Bg3 h5 10. h3 Bxf3 11. Bxf3 Bd6 12. Bxd6 Qxd6 13. cxd5 exd5 14. Bxd5 Nge7 15. Bb3 Kb8 16. Qd2 Ne5 17.
O-O-O N5c6 18. Kb1 f5 19. Nb5 Qf6 20. Qc2 a6 21. Nxc7 Kxc7 22. d5 Kb8 23. dxc6 Nxc6 24. a3 f4 25. Bd5 fxe3 26. fxe3 Ne5 27. Qb3 Rh7 28. Rhf1 Qe7 29. Ka2 Rc8 30. Rc1 Rxc1 31.
Rxc1 Qd6 32. e4 g4 33. Rd1 gxh3 34. gxh3 Qf6 35. Qg3 Rc7 36. Qg8+ Ka7 37. Qg2 Qd6 38. Qd2 Nc4 39. Qd4+ Ka8 40. Bxc4 Qxd4 41. Rxd4 Re7 42.
Bd5 Ka7 43. Rd3 b5 44. Rg3 Kb6 45. Rg6+ Kc5 46. Kb3 Kd4 47. Rg5 Rc7 48. Rxh5 a5 49. Rh6 a4+ 50. Ka2 b4 51. axb4 a3 52. Kxa3 Ra7+ 53.
Kb3 Rc7 54. Rc6 Rh7 55. Rc4+ Ke5 56. Rc3 Kd6 57. b5 Ke5 58. Kb4 Kd4 59. b6 Rh6 60. Rc4+ Ke5 61. Kb5 Rxh3 62. b4 Rh7 63. b7 1-0